 Dungeon Crawl Stone Soup version 0.31-a0-824-ge5246a80f4 (webtiles) character file.

Game seed: 11703534768561380523

57 qw the Shooter (level 4, 0/26 HPs)
             Began as a Gargoyle Hunter on Sept 23, 2023.
             Killed from afar by Natasha (2 damage)
             ... with a magic dart
             ... on level 2 of the Dungeon.
             The game lasted 00:00:26 (969 turns).

qw the Shooter (Gargoyle Hunter)                     Turns: 969, Time: 00:00:27

Health: 0/26       AC:  8    Str: 14    XL:     4   Next: 0%
Magic:  0/4        EV: 10    Int: 10    God:
Gold:   36         SH:  0    Dex: 15    Spells: 3/3 levels left

rFire   . . .        Y - +0 shortbow
rCold   . . .        (shield currently unavailable)
rNeg    + . .        g - +0 ring mail
rPois   inf          (no helmet)
rElec   +            (no cloak)
rCorr   .            (no gloves)
SInv    .            (no boots)
Will    .....        i - amulet of guardian spirit
Stlth   +            (no ring)
HPRegen 0.24/turn    (no ring)
MPRegen 0.09/turn

%: guardian spirit
@: no status effects
A: sickness immunity, AC +3, negative energy resistance 1, electricity
resistance, torment resistance 1, petrification resistance
a: no special abilities


You were on level 2 of the Dungeon.
You visited 1 branch of the dungeon, and saw 2 of its levels.

You collected 36 gold pieces.


Innate Abilities, Weirdness & Mutations

You are immune to sickness and miasma.
Your stone body is resilient. (AC +3)
You are immune to poison.
You resist negative energy. (rN+)
You are resistant to electric shocks. (rElec)
You are resistant to unholy torment.
You are immune to petrification.


   Skills:
 + Level 2.1 Fighting
 - Level 5.3 Ranged Weapons
 - Level 1.1 Armour
 - Level 1.5 Dodging
 - Level 1.1 Stealth


You had 3 spell levels left.
You didn't know any spells.
Your spell library was empty.

Inventory:

Hand Weapons
 Y - a +0 shortbow (weapon)
Armour
 g - a +0 ring mail (worn)
Jewellery
 a - a +6 ring of dexterity
 i - an amulet of guardian spirit (around neck)
Scrolls
 b - a scroll of torment {unknown}
 f - a scroll of teleportation
Potions
 e - a potion of attraction {unknown}
 h - a potion of heal wounds {unknown}
 j - a potion of degeneration {unknown}

Dungeon Overview and Level Annotations

Branches:
Dungeon (2/15)

Altars:

Annotations:
D:2 Natasha, Sigmund


Message History

Something hits you but does no damage.
You shoot an arrow. The arrow hits Natasha!
Natasha is severely wounded.
Something hits you but does no damage.
Natasha extends her claws.
You shoot an arrow. The arrow barely misses Natasha.
Natasha closely misses you. Something hits you.
You shoot an arrow.
The arrow hits Natasha but does no damage.
Natasha is severely wounded.
Natasha closely misses you.
You shoot an arrow. The arrow closely misses Natasha.
Something hits you but does no damage. Natasha claws you but does no damage.
You shoot an arrow. The arrow hits Natasha.
Natasha is severely wounded.
Natasha completely misses you.
You hear some strange, mumbled words.
You are confused.
Natasha mumbles some strange words.
Something hits you but does no damage. Natasha barely misses you.
The cerulean imp hits you but does no damage.
Something hits you. Natasha barely misses you.
The cerulean imp completely misses you.
Natasha howls an incantation.
You feel disoriented. Natasha barely misses you.
The cerulean imp barely misses you. Something hits you.
Natasha casts a spell at you. The magic dart hits you.
The cerulean imp hits you but does no damage.
Something hits you. Natasha claws you but does no damage.
The cerulean imp hits you but does no damage.
Natasha claws you.
The cerulean imp hits you with a +0 spear.
You feel less confused. Something hits you. Natasha casts a spell at you.
The magic dart hits you.
You die...
Natasha begins licking her fur clean.

#.#........###########
#.#........#.........#
#.#.<......#.#######.#
#..........<.......#.#
########...%....###.#.#
................### #.# .
.................# #.#
..#####.....#....##.# #.#
........h@..+..).)....#.#
.........5.###))))#####.#
.........{.# #))))# #.#
##.......###


7)PPP7 #.# #..........# 7.))77 #.# #.[.....##.# 77.77 #.# ......... .# 77 #.#
#........ # #.# #......!.. #.# You could see Natasha and a cerulean imp
(summoned).

Vanquished Creatures
  Natasha (D:2)
  A worm (D:2)
  2 dart slugs (D:1)
  2 ball pythons (D:1)
  2 bats (D:1)
  An endoplasm (D:1)
  5 hobgoblins (D:1)
  3 jackals (D:2)
  A quokka (D:2)
  2 kobolds (D:1)
  2 rats (D:1)
22 creatures vanquished.

Notes
Turn   | Place    | Note
-------+----------+-------------------------------------------
     0 | D:1      | qw the Gargoyle Hunter began the quest for the Orb.
     0 | D:1      | Reached XP level 1. HP: 12/12 MP: 1/1
     0 | D:1      | 0 ||| qw: Version: 0.3-a-83-gcd0e7d8
     0 | D:1      | 0 ||| qw: Game counter: 1779
     0 | D:1      | 0 ||| qw: Melee chars always use a shield: true
     0 | D:1      | 0 ||| qw: God list: Okawaru
     0 | D:1      | 0 ||| qw: Allow faded altars: false
     0 | D:1      | 0 ||| qw: Do Orc after clearing Dungeon:15 true
     0 | D:1      | 0 ||| qw: Do second Lair branch before Depths: true
     0 | D:1      | 0 ||| qw: Lair rune preference: random
     0 | D:1      | 0 ||| qw: Goals: Normal
     0 | D:1      | 0 ||| PLANNING D:1-11
   195 | D:1      | Reached XP level 2. HP: 17/17 MP: 2/2
   681 | D:1      | 681 ||| UPGRADING to +0 ring mail.
   691 | D:1      | 691 ||| DROPPING +0 leather armour.
   692 | D:1      | 692 ||| UPGRADING to amulet of guardian spirit.
   697 | D:1      | 697 ||| READING scroll labelled ESOQUK DEEFABE.
   698 | D:1      | 698 ||| READING 2 scrolls labelled ZISUAN DEKIN.
   703 | D:1      | 703 ||| READING scroll labelled KONURU HOOQ.
   704 | D:1      | 704 ||| DROPPING scroll of butterflies.
   780 | D:2      | Reached XP level 3. HP: 21/21 MP: 3/3
   888 | D:2      | Reached skill level 1 in Armour
   891 | D:2      | Noticed Natasha
   896 | D:2      | Killed Natasha
   897 | D:2      | Reached skill level 5 in Ranged Weapons
   897 | D:2      | Reached XP level 4. HP: 22/26 MP: 2/4
   947 | D:2      | Noticed Sigmund
   952 | D:2      | Noticed Natasha
   954 | D:2      | 954 ||| FLEEEEING.
   955 | D:2      | 955 ||| FLEEEEING.
   956 | D:2      | 956 ||| FLEEEEING.
   968 | D:2      | HP: 6/26 [Natasha (3)]
   969 | D:2      | HP: 2/26 [something (3)]
   969 | D:2      | Killed from afar by Natasha

Levels and vault maps discovered:
D:1:      saegor_arrival_simple_c, layout_loops_ring
D:2:      layout_basic, uniq_sigmund, uniq_crazy_yiuf_cottage, uniq_natasha,
          uniq_jessica

Skill      XL: |  1  2  3 |
---------------+----------+-----
Armour         | 1 |  1.1
Ranged Weapons | 5 |  5.3
Fighting       | |  2.1
Dodging        | |  1.5
Stealth        | |  1.1

Action                     |  1- 3 |  4- 6 || total
---------------------------+-------+-------++-------
   Fire: Shortbow          |   101 |    11 ||   112
    Use: Scroll            |     3 |       ||     3
 Armour: Leather armour    |    13 |       ||    13
         Ring mail         |    19 |    20 ||    39
  Dodge: Dodged            |    40 |     8 ||    48

Table legend:
 A = Non-vault XP
 B = Vault XP
 C = Vault XP percentage of total XP
 D = Non-vault monster count
 E = Vault monster count
 F = Vault count percentage of total count
                 A         B        C        D         E       F
            +---------+---------+-------+---------+---------+-------
      Total |      45 |      37 |  45.1 |      21 |       1 |   4.5
            +---------+---------+-------+---------+---------+-------
        D:1 |      32 |       0 |   0.0 |      16 |       0 |   0.0
        D:2 |      13 |      37 |  74.0 |       5 |       1 |  16.7
            +---------+---------+-------+---------+---------+-------
